 Dungeon Crawl Stone Soup version 0.18.1-6-gd335043 (webtiles) character file.

29 Guinours the Chiller (level 3, -8/24 HPs)
             Began as a Demonspawn Ice Elementalist on May 20, 2016.
             Mangled by a worm (11 damage)
             ... on level 2 of the Dungeon.
             The game lasted 00:09:52 (1836 turns).

Guinours the Chiller (Demonspawn Ice Elementalist)  Turns: 1836, Time: 00:09:52

Health: -8/24      AC:  2    Str:  8    XL:     3   Next: 1%
Magic:  1/6        EV: 12    Int: 17    God:
Gold:   87         SH:  0    Dex: 13    Spells: 3 memorised, 0 levels left

rFire  . . .     SeeInvis .     (no weapon)
rCold  + . .     Gourm    .     a - +0 robe
rNeg   . . .     Faith    .     (no shield)
rPois  .         Spirit   .     (no helmet)
rElec  .         Dismiss  .     (no cloak)
rCorr  .         Reflect  .     (no gloves)
SustAt .         Harm     .     (no boots)
MR     .....                    o - amulet of rage
Stlth  ++........               (no ring)
                                (no ring)

@: very slightly contaminated, not resistant to hostile enchantments, unstealthy
A: cold resistance 1
a: Evoke Berserk Rage


You were on level 2 of the Dungeon.
You were not hungry.

You visited 1 branch of the dungeon, and saw 2 of its levels.

You collected 87 gold pieces.

Inventory:

Missiles
 h - 8 javelins (quivered)
Armour
 a - a +0 robe (worn)
Jewellery
 o - an amulet of rage (around neck)
Scrolls
 d - a scroll of fog {unknown}
 e - a scroll of immolation {unknown}
 g - 3 scrolls of identify {unknown}
 l - a scroll of fear {unknown}
 p - 3 scrolls of teleportation {unknown}
 r - a scroll of remove curse {unknown}
Potions
 f - a potion of flight {unknown}
 i - a potion of mutation {unknown}
 j - 3 potions of curing {unknown}
 k - a potion of heal wounds {unknown}
 m - a potion of degeneration {unknown}
 n - a potion of cure mutation {unknown}
Books
 b - a book of Frost

   Spells                             Type                      Level
   a - Freeze                         Ice                          1
   b - Throw Frost                    Conjuration/Ice              2
   c - Ozocubu's Armour               Charms/Ice                   3
   d - Throw Icicle                   Conjuration/Ice              4
   e - Summon Ice Beast               Ice/Summoning                4
Comestibles
 c - a bread ration
 q - a chunk of flesh


   Skills:
 + Level 2.1 Dodging
 * Level 2.0 Stealth
 + Level 0.1 Unarmed Combat
 + Level 2.1 Spellcasting
 + Level 1.0 Conjurations
 * Level 3.3 Ice Magic


You couldn't memorise any spells.
You knew the following spells:

 Your Spells              Type           Power        Failure   Level  Hunger
a - Freeze                Ice            ##..         6%          1    #......
b - Throw Frost           Conj/Ice       #.....       14%         2    ###....
c - Ozocubu's Armour      Chrm/Ice       #.......     30%         3    ###....


Dungeon Overview and Level Annotations

Branches:
Dungeon (2/15)

Altars:


Innate Abilities, Weirdness & Mutations

Your flesh is cold resistant.


Message History

* * * LOW HITPOINT WARNING * * *
You hit the worm.
The worm is severely wounded.
The giant gecko bites you.
* * * LOW HITPOINT WARNING * * *
You hit the worm but do no damage.
The worm is severely wounded.
The giant gecko bites you.
* * * LOW HITPOINT WARNING * * *
The worm misses you. The giant gecko barely misses you.
You hit the worm.
The worm is severely wounded.
The giant gecko closely misses you.
You hit the worm.
The worm is almost dead.
The worm misses you. The giant gecko closely misses you.
You hit the worm but do no damage.
The worm is almost dead.
The giant gecko barely misses you. The worm bites you!
You die...

#.#.................
#.#.................
#)#####.#...........
#.#####.#...........
#..............#####
####........#>........
#....######.....#.#....
####.########..........
#.....@w........#.#..##
####.##l######........
#.. ..< #..#.#..##
#.##.### ..#.# #.# .#
... .< ### ##


You could see a worm and a giant gecko.

Vanquished Creatures
  3 bats
  3 giant cockroaches (D:1)
  4 goblins
  2 hobgoblins (D:1)
  3 jackals (D:1)
  4 kobolds
  A ball python (D:1)
  2 giant newts (D:1)
  4 rats
26 creatures vanquished.

Notes
Turn   | Place    | Note
--------------------------------------------------------------
     0 | D:1      | Guinours the Demonspawn Ice Elementalist began the quest for the Orb.
     0 | D:1      | Reached XP level 1. HP: 13/13 MP: 3/3
   300 | D:1      | Reached skill level 3 in Ice Magic
   413 | D:1      | Gained mutation: Your flesh is cold resistant. [demonic ancestry]
   413 | D:1      | Reached XP level 2. HP: 18/19 MP: 1/5
   420 | D:1      | Learned a level 2 spell: Throw Frost
  1700 | D:2      | Reached XP level 3. HP: 22/24 MP: 0/6
  1763 | D:2      | Learned a level 3 spell: Ozocubu's Armour
  1836 | D:2      | Mangled by a worm

Skill      XL: |  1  2 |
---------------+-------+-----
Ice Magic      | 3 |  3.3
Dodging        | 2 |  2.1
Stealth        | 2 |  2.0
Unarmed Combat | |  0.1
Spellcasting   | |  2.1
Conjurations   | |  1.0

Action                   || total
-------------------------++-------
Melee: Unarmed           ||    65
 Cast: Freeze            ||    27
       Throw Frost       ||    15
       Ozocubu's Armour  ||     1
  Eat: Chunk             ||     2
       Bread ration      ||     1
Armor: Robe              ||    24
Dodge: Dodged            ||    70
